 Dungeon Crawl Stone Soup version 0.24.0-1-gfbc8707122 (webtiles) character file.

Game seed: 12501529292912482903, levelgen mode: deterministic

2567806 melvinkitnick the Dwarven Barricade (level 27, 278/298 HPs)
             Began as a Deep Dwarf Fighter on Oct 25, 2019.
             Was the Champion of Makhleb.
             Escaped with the Orb
             ... and 4 runes on Oct 26, 2019!
             The game lasted 04:21:53 (65490 turns).

melvinkitnick the Dwarven Barricade (DDFi)         Turns: 65490, Time: 04:21:53

Health: 278/298    AC: 39    Str: 25    XL:     27
Magic:  18/18 (9)  EV: 15    Int: 10    God:    Makhleb [******]
Gold:   7833       SH: 38    Dex: 10    Spells: 25/26 levels left

rFire    + + .     SeeInvis .   D - +4 broad axe (freeze)
rCold    + + +     Gourm    .   c - +2 large shield
rNeg     + . .     Faith    .   L - +0 gold dragon scales
rPois    +         Spirit   .   j - +3 helmet "Piyfah" {rElec}
rElec    +         Reflect  +   v - +1 cloak "Cairuy" {MR+ rCorr}
rCorr    +         Harm     .   E - +0 pair of gloves of Starshine {rF+ MR+}
MR       +++++                  w - +2 pair of boots {run}
Stlth    ..........             Y - +5 amulet of reflection
HPRegen  0.00/turn              r - +3 ring of protection
MPRegen  0.16/turn              N - ring of Greater Demons {rC++ MP+9 EV+2 Dex-5 Slay+4}

@: non-regenerating, quick
A: damage resistance, heal wounds, large bone plates 1, deterioration 2,
negative energy resistance 1, sense surroundings 3, weak 2, no regeneration
0: Orb of Zot
}: 4/15 runes: barnacled, slimy, silver, gossamer
a: Heal Wounds, Minor Destruction, Lesser Servant of Makhleb, Major Destruction,
Greater Servant of Makhleb, Renounce Religion


You escaped.
You worshipped Makhleb.
Makhleb was exalted by your worship.
You were not hungry.

You visited 12 branches of the dungeon, and saw 58 of its levels.
You also visited: Gauntlet and Volcano.

You collected 9596 gold pieces.
You spent 1763 gold pieces at shops.

Inventory:

Hand Weapons
 D - a +4 broad axe of freezing (weapon)
 Q - a +2 antimagic broad axe
Missiles
 q - 4 throwing nets
 A - 8 boomerangs of dispersal
 Z - 33 silver javelins (quivered)
Armour
 c - a +2 large shield (worn)
 j - the +3 helmet "Piyfah" (worn) {rElec}
   (You found it on level 3 of the Lair of Beasts)

   It insulates you from electricity.
 v - the +1 cloak "Cairuy" (worn) {MR+ rCorr}
   (You bought it in a shop on level 2 of the Orcish Mines)

   It affects your resistance to hostile enchantments.
   It provides partial protection from all sources of acid and corrosion.
 w - a +2 pair of boots of running (worn)
 E - the +0 pair of gloves of Starshine (worn) {rF+ MR+}
   (You found it on level 5 of the Vaults)

   It protects you from fire.
   It affects your resistance to hostile enchantments.
 L - +0 gold dragon scales (worn)
 V - the +3 cloak of the Dolphin {+Blink}
   (You found it on level 14 of the Dungeon)

   It lets you blink.
Jewellery
 h - the ring of Qen Caust {rF++ Stlth-}
   (You found it on level 6 of the Dungeon)

   [ring of attention]

   It greatly protects you from fire.
   It makes you less stealthy.
 p - the ring "Nyinon" {-Tele rN+ Int+5 Dex+3}
   (You bought it in a shop on level 4 of the Shoals)

   [ring of dexterity]

   It affects your intelligence (+5).
   It affects your dexterity (+3).
   It protects you from negative energy.
   It prevents most forms of teleportation.
 r - a +3 ring of protection (left hand)
 N - the ring of Greater Demons (right hand) {rC++ MP+9 EV+2 Dex-5 Slay+4}
   (You found it on level 5 of the Pits of Slime)

   [ring of evasion]

   It affects your evasion (+2).
   It affects your dexterity (-5).
   It affects your accuracy and damage with ranged weapons and melee attacks
   (+4).
   It greatly protects you from cold.
   It affects your magic capacity (+9).
 Y - a +5 amulet of reflection (around neck)
Wands
 a - a wand of scattershot (17)
 e - a wand of digging (14)
 u - a wand of iceblast (49)
 H - a wand of disintegration (45)
 O - a wand of enslavement (24)
 R - a wand of acid (29)
 X - a wand of clouds (6)
Scrolls
 i - 11 scrolls of fear
 k - 26 scrolls of remove curse
 l - 13 scrolls of identify
 x - 2 scrolls of silence
 y - 5 scrolls of blinking
 z - 16 scrolls of teleportation
 K - 14 scrolls of immolation
 M - 5 scrolls of fog
 P - 6 scrolls of magic mapping
 W - a scroll of holy word
Potions
 g - 9 potions of agility
 m - 24 potions of curing
 n - 13 potions of lignification
 o - 5 potions of haste
 s - 2 potions of mutation
 t - 2 potions of invisibility
 C - a potion of resistance
 G - 11 potions of heal wounds
 J - 5 potions of cancellation
 S - 7 potions of berserk rage
 U - 2 potions of might
Miscellaneous
 d - a lamp of fire
 B - a fan of gales
 I - 2 phantom mirrors
 T - 2 boxes of beasts
Comestibles
 f - 83 rations


   Skills:
 O Level 27 Fighting
 - Level 19.8(20.0) Axes
   Level 4.2(13.1) Maces & Flails
 - Level 15.0 Throwing
 - Level 20.0 Armour
 - Level 20.0 Dodging
 O Level 27 Shields
 + Level 20.7 Invocations
 - Level 8.0 Evocations


You had 25 spell levels left.
You knew the following spells:

 Your Spells              Type           Power        Failure   Level  Hunger
a - Apportation           Tloc           #.....       99%         1    ##.....

Your spell library contained the following spells:

 Spells                   Type           Power        Failure   Level  Hunger
 Animate Skeleton         Necr           N/A          99%         1    ##.....
 Beastly Appendage        Tmut           #.....       99%         1    ##.....
 Confusing Touch          Hex            #.....       99%         1    ##.....
 Corona                   Hex            #......      99%         1    ##.....
 Magic Dart               Conj           #...         99%         1    ##.....
 Pain                     Necr           #...         99%         1    ##.....
 Sandblast                Erth           #.....       99%         1    ##.....
 Sting                    Conj/Pois      #...         99%         1    ##.....
 Summon Butterflies       Summ           #.......     99%         1    ##.....
 Blink                    Tloc           N/A          100%        2    ###....
 Passwall                 Tmut/Erth      #.......     100%        2    ###....
 Poisonous Vapours        Pois/Air       #.....       100%        2    ###....
 Searing Ray              Conj           #.....       100%        2    ###....
 Shroud of Golubria       Chrm/Tloc      #.....       100%        2    ###....
 Slow                     Hex            #.......     100%        2    ###....
 Sticks to Snakes         Tmut           #.......     100%        2    ###....
 Sublimation of Blood     Necr           #.........   100%        2    ###....
 Call Canine Familiar     Summ           #.......     100%        3    ####...
 Confuse                  Hex            #.......     100%        3    ####...
 Conjure Flame            Conj/Fire      #.......     100%        3    ####...
 Dazzling Spray           Conj/Hex       #.....       100%        3    ####...
 Gell's Gravitas          Tloc           #.........   100%        3    ####...
 Inner Flame              Hex/Fire       #.......     100%        3    ####...
 Lesser Beckoning         Tloc           #.........   100%        3    ####...
 Mephitic Cloud           Conj/Pois/Air  #.......     100%        3    ####...
 Portal Projectile        Hex/Tloc       #.....       100%        3    ####...
 Spider Form              Tmut/Pois      #.........   100%        3    ####...
 Static Discharge         Conj/Air       #.......     100%        3    ####...
 Stone Arrow              Conj/Erth      #.....       100%        3    ####...
 Teleport Other           Tloc           #.......     100%        3    ####...
 Tukima's Dance           Hex            #.......     100%        3    ####...
 Vampiric Draining        Necr           #.........   100%        3    ####...
 Animate Dead             Necr           N/A          100%        4    #####..
 Cause Fear               Hex            #.........   100%        4    #####..
 Force Lance              Conj/Tloc      #.......     100%        4    #####..
 Fulminant Prism          Conj/Hex       #.........   100%        4    #####..
 Ice Form                 Ice/Tmut       #.......     100%        4    #####..
 Iskenderun's Mystic Bla  Conj           #.......     100%        4    #####..
 Leda's Liquefaction      Hex/Erth       #.........   100%        4    #####..
 Olgreb's Toxic Radiance  Pois           #.......     100%        4    #####..
 Petrify                  Tmut/Erth      #.......     100%        4    #####..
 Summon Ice Beast         Ice/Summ       #.......     100%        4    #####..
 Alistair's Intoxication  Tmut/Pois      #.......     100%        5    ######.
 Blade Hands              Tmut           #.........   100%        5    ######.
 Bolt of Draining         Conj/Necr      #.........   100%        5    ######.
 Dispel Undead            Necr           #.......     100%        5    ######.
 Excruciating Wounds      Chrm/Necr      #.........   100%        5    ######.
 Irradiate                Conj/Tmut      #.........   100%        5    ######.
 Iskenderun's Battlesphe  Conj/Chrm      #.......     100%        5    ######.
 Lee's Rapid Deconstruct  Erth           #.........   100%        5    ######.
 Lightning Bolt           Conj/Air       #.........   100%        5    ######.
 Metabolic Englaciation   Hex/Ice        #.........   100%        5    ######.
 Silence                  Hex/Air        #.........   100%        5    ######.
 Summon Mana Viper        Hex/Summ       #.......     100%        5    ######.
 Venom Bolt               Conj/Pois      #.........   100%        5    ######.
 Yara's Violent Unravell  Hex/Tmut       #.........   100%        5    ######.
 Bolt of Cold             Conj/Ice       #.........   100%        6    #######
 Deflect Missiles         Chrm/Air       #.........   100%        6    #######
 Dispersal                Tloc           #.........   100%        6    #######
 Freezing Cloud           Conj/Ice/Air   #.........   100%        6    #######
 Invisibility             Hex            #.......     100%        6    #######
 Ozocubu's Refrigeration  Ice            #.........   100%        6    #######
 Simulacrum               Ice/Necr       #.........   100%        6    #######
 Orb of Destruction       Conj           #.........   100%        7    #######
 Ring of Flames           Chrm/Fire      #.........   100%        7    #######
 Summon Hydra             Summ           #.........   100%        7    #######
 Controlled Blink         Tloc           N/A          100%        8    #######
 Discord                  Hex            #.........   100%        8    #######
 Disjunction              Tloc           #.........   100%        8    #######
 Regeneration             Chrm/Necr      Unusable     N/A         3    N/A
 Passage of Golubria      Tloc           Unusable     N/A         4    N/A

Dungeon Overview and Level Annotations

Branches:
Dungeon (15/15)            Temple (1/1) D:6            Lair (6/6) D:10
 Shoals (4/4) Lair:2       Spider (4/4) Lair:2        Slime (5/5) Lair:5
    Orc (2/2) D:9             Elf (3/3) Orc:2        Vaults (5/5) D:14
  Crypt (3/3) Vaults:2       Tomb (0/3) Crypt:3      Depths (5/5) D:15
    Zot (5/5) Depths:5    Volcano (visited)         Gauntlet (visited)

Altars:
Ashenzari
Cheibriados
Dithmenos
Elyvilon
Fedhas
Gozag
Hepliaklqana
Kikubaaqudgha
Makhleb
Nemelex Xobeh
Okawaru
Qazlal
Ru
Sif Muna
Trog
Uskayaw
Vehumet
Wu Jian
Xom
Yredelemnul
Zin
The Shining One
Beogh
Jiyva

Shops:
D:5 %==   Orc:2 (*[:   Elf:2 %   Elf:3 =}[   Shoals:4 =   Vaults:2 *
Vaults:3 (   Vaults:4 [%!   Depths:2 =}=

Portals:
Hell: Depths:1 Depths:2 Depths:3 Depths:4 Depths:5
Abyss: Depths:4
Pandemonium: Depths:2 Depths:3 Depths:4
Ziggurat: Depths:1
Trove: D:12 (give +4 storm dragon scales)

Annotations:
Spider:1 Roxanne
Spider:4 2 runed translucent doors, Gruesph's ghost, adept MiBe
Vaults:1 3 runed translucent doors, howech's ghost, veteran MiGl


Innate Abilities, Weirdness & Mutations

You are resistant to damage.
You can heal yourself by infusing magical energy.
You resist negative energy. (rN+)
You passively map a large area around you.
You do not regenerate.
You are partially covered in large bone plates. (SH +4)
Your body often deteriorates upon taking damage.
You are very weak. (Str -4)


Message History

You block the phantasmal warrior's attack.
The wraith hits the plant.
The wraith drains the plant's vigour!
You slice Hihi!! You freeze Hihi.
As Hihi dies, the sound returns.
You kill Hihi!
Makhleb accepts your kill.
You feel better.
The wraith disappears in a puff of smoke!
The hell beast disappears in a puff of smoke!
The phantasmal warrior disappears in a puff of smoke!
The Ice Fiend disappears in a puff of smoke!
Your life force feels restored.
Your surroundings suddenly seem different.
Evoke which item? (* to show all) (? for menu, Esc to quit)
Aiming: Dig
Press: ? - help, Shift-Dir - straight line A rock wall.
This square is covered in magical glow.
The rock shatters into small pieces.
There is a staircase leading out of the dungeon here.
You have escaped!

#.......# #...#....##.#.######
#.......#####...#.#..###.##
#.......##>.'...####.# #.#
#..(.(..'>###...#.#..# #.#######
############ #...#....#
#........ .....### #######..#
#########
##.>.'.#############..#
#...##>.#.........#..###########
#...####'...)..@................
#...# ##........##..######.####
###.####.........##.....# #.#
#......##########.###.# #.#
#.###### #...##.# #.# #.#
#.#....# #.# ####.# #...##.#
#.#### .....# ######.# #.....
###### #.###..###


There were no monsters in sight!

Vanquished Creatures
  the Royal Jelly (Slime:5)
  10 ancient liches
  6 orbs of fire
  The ghost of Hicanoach the Grim Reaper, a master DsGl of Yredelemnul (Zot:4)
  2 juggernauts
  Sojobo (Vaults:3)
  A pandemonium lord (D:1)
  A caustic shrike (Depths:1)
  11 Killer Klowns
  Frederick (Depths:4)
  Saint Roka (Vaults:5)
  Xtahua (Vaults:5)
  10 golden dragons
  the Enchantress (Depths:4)
  The ghost of agentgt the Warrior, a veteran KoAK of Lugonu (Vaults:4)
  Jory (Vaults:2)
  4 curse toes
  Nikola (Elf:1)
  A bone dragon (Crypt:3)
  9 liches
  An electric golem (Zot:5)
  14 tentacled monstrosities
  Rupert (Lair:5)
  8 titans
  Jorgrun (D:15)
  35 acid blobs
  26 Orb Guardians
  8 quicksilver dragons
  A deep elf master archer (Elf:3)
  2 deep elf blademasters (Elf:3)
  6 death cobs
  Frances (Lair:2)
  4 sphinxes
  3 Executioners
  Gastronok (Lair:3)
  A kraken (Shoals:4)
  An ancient champion (Crypt:1)
  11 storm dragons
  5 revenants
  14 shadow dragons
  10 tengu reavers
  10 fire giants
  18 azure jellies
  10 draconian monks
  7 draconian knights
  13 vault wardens
  8 frost giants
  9 deep elf sorcerers
  A balrug (Depths:2)
  4 iron dragons
  4 ghost moths
  10 draconian scorchers
  6 emperor scorpions (Spider:4)
  6 draconian shifters
  9 deep elf elementalists
  4 draconian annihilators
  A curse skull (Crypt:3)
  8 draconian stormcallers
  4 spriggan defenders
  2 reapers
  An orc warlord (Orc:1)
  18 stone giants
  30 very ugly things
  22 ironheart preservers
  3 ghouls
  6 entropy weavers
  A caustic shrike skeleton (Depths:2)
  5 war gargoyles
  A minotaur (Gauntlet)
  17 black draconians
  The ghost of Buiveh the Geomancer, a journeyman GrEE of Vehumet (Lair:6)
  9 large abominations
  6 deep elf demonologists
  A dire elephant (Lair:5)
  10 purple draconians
  14 vampire knights
  9 yellow draconians
  14 red draconians
  10 white draconians
  15 green draconians
  8 spark wasps
  14 deep elf annihilators
  The ghost of ambioZ the Cleaver, a journeyman MiBe of Trog (Lair:3)
  8 eidola
  Snorg (D:11)
  14 ettins
  9 death oozes
  8 statues (Depths:4)
  A mummy priest (Crypt:2)
  15 deep elf death magi
  3 merfolk javelineers (Shoals:4)
  10 jiangshi
  Josephine (D:11)
  4 deep elf high priests
  15 great orbs of eyes
  20 yaktaur captains
  9 fire dragons
  6 merfolk impalers
  35 vault guards
  Erolcha (D:11)
  8 rakshasas
  A hell beast (Depths:1)
  3 hydras
  5 merfolk avatars
  A caustic shrike simulacrum (Depths:2)
  5 spriggan air magi
  11 centaur warriors
  11 ice dragons
  Erica (D:11)
  A two-headed ogre (shapeshifter) (Vaults:4)
  4 merfolk aquamancers
  6 death knights
  A queen ant (Spider:1)
  16 ogre magi
  2 death yaks (Lair:5)
  55 two-headed ogres
  7 tengu warriors
  34 dancing weapons
  A hell hog (Depths:1)
  8 vampire magi
  10 deep troll earth magi
  A satyr (Shoals:4)
  2 titan zombies
  4 orc high priests (Orc:2)
  9 deep troll shamans
  3 spriggan berserkers
  A sun demon (Depths:2)
  A shock serpent (shapeshifter) (Vaults:5)
  2 storm dragon zombies
  A titan skeleton (Crypt:3)
  4 hell knights (Depths:4)
  2 soul eaters
  58 skeletal warriors
  25 deep elf knights
  2 storm dragon skeletons
  3 iron trolls (Depths:2)
  3 shadow wraiths (Crypt:2)
  A sixfirhy (Depths:2)
  2 spark wasp zombies (Depths:2)
  16 sea snakes
  3 unseen horrors
  32 deep trolls
  An unseen horror (shapeshifter) (Depths:1)
  5 glowing orange brains
  An anaconda zombie (Crypt:2)
  6 wizards
  A gelid demonspawn (Depths:2)
  2 tengu zombies (Depths:2)
  7 flayed ghosts
  A swamp dragon (shapeshifter) (Gauntlet)
  A glowing orange brain (shapeshifter) (Depths:5)
  A golden dragon skeleton (Crypt:1)
  7 deep elf archers
  7 ironbrand convokers
  2 lindwurms (Volcano)
  A harpy (shapeshifter) (Depths:1)
  2 shadow dragon zombies
  14 orc knights
  A tengu skeleton (Depths:2)
  13 necromancers
  25 orb spiders
  45 wolf spiders
  12 harpies
  An iron dragon zombie (Crypt:1)
  2 fire giant zombies
  44 ugly things
  7 orc sorcerers
  A wolf spider (shapeshifter) (Depths:4)
  A wolf spider zombie (D:15)
  4 oklob plants (Lair:4)
  14 phantasmal warriors
  A moth of wrath (shapeshifter) (D:14)
  2 salamanders (shapeshifter)
  10 shining eyes
  59 deep elf magi
  A frost giant zombie (Depths:2)
  17 fauns
  A salamander (Depths:3)
  9 cyclopes
  11 manticores
  A stone giant skeleton (Vaults:2)
  20 moths of wrath
  A shock serpent zombie (Crypt:2)
  An iron dragon skeleton (Crypt:3)
  32 elephants
  2 frost giant skeletons (Depths:2)
  2 black mambas
  A titan simulacrum (Depths:2)
  A black mamba (shapeshifter) (Depths:1)
  A guardian serpent (shapeshifter) (Depths:1)
  16 vault sentinels
  5 eyes of devastation
  2 centaur zombies
  6 water nymphs
  13 fire giant skeletons
  6 human skeletons (Vaults:2)
  9 spiny frogs
  9 merfolk sirens
  A spiny frog (shapeshifter) (Depths:2)
  An elf zombie (Depths:2)
  A spriggan skeleton (Depths:2)
  2 torpor snails
  A storm dragon simulacrum (Vaults:5)
  4 gargoyles (Crypt:3)
  9 komodo dragons
  3 dire elephant skeletons
  4 spriggan zombies (Depths:2)
  A rime drake (Lair:1)
  10 freezing wraiths
  56 yaktaurs
  An alligator snapping turtle skeleton (Crypt:1)
  A catoblepas zombie (Crypt:3)
  A human zombie (Vaults:2)
  An orange demon (Depths:2)
  23 demonic crawlers
  5 small abominations
  An elf skeleton (Vaults:5)
  A spark wasp simulacrum (Depths:2)
  2 efreet (Volcano)
  2 golden dragon simulacra (Depths:2)
  7 tengu conjurers
  2 hydra zombies (Crypt:2)
  4 trolls
  2 catoblepas skeletons (Crypt:3)
  A yaktaur skeleton (Vaults:2)
  A troll (shapeshifter) (Depths:1)
  A polar bear (shapeshifter) (Gauntlet)
  31 jumping spiders
  7 polar bears
  A queen bee (Lair:6)
  5 wind drakes
  23 merfolk
  A sphinx simulacrum (Depths:2)
  A harpy skeleton (Crypt:3)
  A meliai (shapeshifter) (Vaults:2)
  19 hornets
  A hydra skeleton (Crypt:1)
  2 blink frogs (shapeshifter)
  130 slime creatures
  16 blink frogs
  A bog body (Crypt:1)
  4 ettin zombies
  16 dream sheep
  A stone giant simulacrum (Depths:2)
  Grinder (D:5)
  A fire giant simulacrum (Vaults:1)
  An alligator zombie (Crypt:3)
  6 snapping turtles
  A meliai zombie (D:14)
  A frost giant simulacrum (Depths:2)
  An ice dragon zombie (Crypt:1)
  19 spriggans
  11 hippogriffs
  70 redbacks
  2 ettin skeletons
  5 flying skulls (Crypt:1)
  4 shadows
  17 water elementals
  2 wyverns
  2 vampires (Crypt:3)
  4 air elementals
  6 fire dragon skeletons (Crypt:3)
  12 wraiths
  2 yaks (shapeshifter)
  39 tarantellas
  31 yaks
  8 humans
  7 fire elementals
  A basilisk (Lair:4)
  2 ice dragon skeletons (Crypt:3)
  3 human simulacra
  2 hogs (D:12)
  3 vampire mosquitoes (D:14)
  A yaktaur simulacrum (Vaults:5)
  5 hungry ghosts
  Edmund (D:5)
  An acid dragon (D:11)
  11 wargs
  11 hell hounds (Depths:1)
  2 floating eyes (shapeshifter)
  10 soldier ants
  17 water moccasins
  5 porcupines
  A floating eye (Slime:3)
  46 orc warriors
  A faun skeleton (Crypt:2)
  A sky beast (shapeshifter) (Vaults:4)
  3 ice beasts
  6 black bears
  6 eyes of draining
  4 sky beasts
  A spiny frog skeleton (Crypt:3)
  A spriggan simulacrum (Depths:2)
  18 boggarts
  3 phantoms
  35 wolves
  2 ettin simulacra
  A crocodile (shapeshifter) (Depths:2)
  53 ogres
  A wolf (shapeshifter) (Depths:1)
  3 necrophages
  A tengu (shapeshifter) (Depths:2)
  27 centaurs
  A manticore skeleton (Crypt:3)
  8 crocodiles
  An elf simulacrum (Depths:2)
  A rime drake zombie (Crypt:2)
  6 big kobolds
  Blork the orc (D:5)
  16 bullfrogs
  A draconian zombie (Crypt:1)
  11 earth elementals
  A salamander skeleton (Crypt:2)
  A wyvern skeleton (D:10)
  A warg zombie (Crypt:2)
  8 scorpions
  3 water moccasin skeletons
  A troll zombie (Crypt:3)
  5 killer bees (Lair:6)
  12 wights
  A wolf skeleton (Crypt:2)
  9 crimson imps
  4 howler monkeys
  2 quasits
  4 bullfrog zombies
  A jelly (D:9)
  Crazy Yiuf (D:5)
  A gnoll shaman (D:5)
  21 orc priests
  2 centaur skeletons
  7 hounds
  An iron imp (Depths:4)
  19 orc wizards
  3 bullfrog skeletons
  3 iguanas
  21 worker ants
  A hound zombie (D:6)
  2 hound skeletons
  2 howler monkey zombies
  2 worker ant zombies
  Robin (D:3)
  2 howler monkey skeletons
  9 adders
  20 gnolls
  8 shadow imps
  4 white imps (Depths:2)
  3 ufetubi
  An adder skeleton (D:4)
  An adder zombie (D:9)
  A barachi skeleton (Crypt:1)
  A dart slug (D:1)
  5 worms
  3 leopard geckos
  87 orcs
  6 bats
  4 giant cockroaches
  12 hobgoblins
  9 jackals
  8 quokkas
  2 ball pythons
  A ball python skeleton (D:4)
  4 frilled lizards
  15 goblins
  28 kobolds
  A kobold zombie (Crypt:2)
  2 leopard gecko skeletons
  A leopard gecko zombie (D:6)
  An orc skeleton (Crypt:2)
  An orc zombie (Crypt:1)
  8 rats
  8 crawling corpses
  6 fire vortices
  7 fungi
  34 plants
  4 tentacles (Shoals:4)
  A withered plant (Crypt:3)
3008 creatures vanquished.

Vanquished Creatures (collateral kills)
  A very ugly thing (Vaults:5)
  A harpy (Shoals:3)
  A snapping turtle (Shoals:3)
  An ogre (Orc:1)
4 creatures vanquished.

Vanquished Creatures (others)
  A tentacled monstrosity (Zot:4)
  A deep elf master archer (Elf:3)
  A storm dragon (Zot:1)
  A frost giant (Depths:4)
  2 draconian knights (Zot:1)
  A deep elf elementalist (Elf:3)
  A draconian shifter (Zot:2)
  A draconian stormcaller (Zot:4)
  A green draconian (Zot:1)
  A deep elf demonologist (Elf:3)
  A deep elf death mage (Elf:3)
  A deep elf high priest (Elf:3)
  A merfolk impaler (Shoals:4)
  2 ogre magi
  A merfolk aquamancer (Shoals:4)
  A flayed ghost (Vaults:4)
  A harpy (Vaults:1)
  A deep troll (Depths:3)
  A wolf spider (Spider:4)
  5 deep elf magi
  A manticore (Shoals:3)
  A water nymph (Shoals:4)
  A yaktaur (Vaults:1)
  A meliai (Lair:6)
  A human (D:14)
  A boggart (Depths:2)
  A centaur (Depths:1)
  A crimson imp (D:1)
  7 bushes (D:14)
  2 fire vortices (Volcano)
  46 fungi
  62 plants
  7 tentacles (Shoals:4)
158 creatures vanquished.

Grand Total: 3170 creatures vanquished

Notes
Turn   | Place    | Note
-------+----------+-------------------------------------------
     0 | D:1      | melvinkitnick the Deep Dwarf Fighter began the quest for
                  | the Orb.
     0 | D:1      | Reached XP level 1. HP: 20/20 MP: 1/1
   338 | D:1      | Reached XP level 2. HP: 25/27 MP: 2/2
   783 | D:2      | Found a bloodstained altar of Trog.
   813 | D:2      | Reached XP level 3. HP: 24/33 MP: 3/3
   992 | D:2      | Reached XP level 4. HP: 27/40 MP: 4/4
  1033 | D:2      | Reached skill level 5 in Axes
  1426 | D:3      | Noticed Robin
  1436 | D:3      | Killed Robin
  1681 | D:3      | Reached XP level 5. HP: 30/46 MP: 5/5
  2236 | D:4      | Reached XP level 6. HP: 33/55 MP: 5/5
  2479 | D:4      | Reached XP level 7. HP: 31/61 MP: 6/6
  2757 | D:5      | Entered Level 5 of the Dungeon
  2779 | D:5      | Noticed Blork the orc
  2791 | D:5      | Killed Blork the orc
  2818 | D:5      | Found Zuighime's Jewellery Emporium.
  2950 | D:5      | Reached skill level 10 in Axes
  2970 | D:5      | Found a runed translucent door.
  2971 | D:5      | Noticed Crazy Yiuf
  2979 | D:5      | Killed Crazy Yiuf
  2979 | D:5      | Reached XP level 8. HP: 49/68 MP: 7/7
  3131 | D:5      | Found Jiweech's Food Shoppe.
  3137 | D:5      | Noticed Grinder
  3171 | D:5      | Killed Grinder
  3251 | D:5      | Found Zatwiada's Jewellery Emporium.
  3451 | D:5      | Noticed Edmund
  3472 | D:5      | Killed Edmund
  3613 | D:6      | Found a staircase to the Ecumenical Temple.
  3687 | Temple   | Entered the Ecumenical Temple
  4002 | Temple   | Became a worshipper of Makhleb the Destroyer
  4122 | D:6      | Got a translucent tin ring
  4125 | D:6      | Identified the ring of Qen Caust {rF++ Stlth-} (You found
                  | it on level 6 of the Dungeon)
  4162 | D:6      | Gained mutation: You passively map the area around you.
                  | [Deep Dwarf growth]
  4162 | D:6      | Reached XP level 9. HP: 54/76 MP: 8/8
  5075 | D:7      | Found a glowing golden altar of the Shining One.
  5124 | D:7      | Reached skill level 5 in Armour
  5518 | D:7      | Reached * piety under Makhleb
  5917 | D:8      | Reached skill level 5 in Fighting
  6245 | D:8      | Found a shimmering blue altar of Sif Muna.
  6583 | D:9      | Reached XP level 10. HP: 76/88 MP: 7/7
  6698 | D:9      | Reached ** piety under Makhleb
  7059 | D:9      | Reached skill level 1 in Invocations
  7196 | D:9      | Found a staircase to the Orcish Mines.
  7315 | D:10     | Entered Level 10 of the Dungeon
  7362 | D:10     | Noticed a centaur warrior
  7370 | D:10     | Killed a centaur warrior
  7588 | D:10     | Found a staircase to the Lair.
  7713 | D:10     | Reached *** piety under Makhleb
  7985 | D:10     | Got a tiger eye-studded scale mail
  7986 | D:10     | Identified the +6 scale mail of Quantum Leap {rElec Regen+
                  | rCorr Dex-2} (You found it on level 10 of the Dungeon)
  8029 | D:11     | Reached XP level 11. HP: 100/100 MP: 10/10
  8042 | D:11     | Noticed Snorg
  8061 | D:11     | Killed Snorg
  8061 | D:11     | Reached skill level 5 in Invocations
  8228 | D:11     | Noticed Erolcha
  8247 | D:11     | Killed Erolcha
  8396 | D:11     | Noticed Josephine
  8413 | D:11     | Noticed Erica
  8427 | D:11     | Killed Josephine
  8443 | D:11     | Killed Erica
  8968 | D:12     | Got a jewelled scale mail
  8985 | D:12     | Noticed a two-headed ogre
  8997 | D:12     | Killed a two-headed ogre
  9247 | D:12     | Found a portal to a secret trove of treasure.
  9333 | D:12     | Reached **** piety under Makhleb
  9463 | D:13     | Noticed a five-headed hydra
  9644 | D:13     | Reached skill level 10 in Armour
  9646 | D:13     | Noticed an orc knight
  9652 | D:13     | Killed a one-headed hydra
  9661 | D:13     | Reached skill level 1 in Evocations
  9661 | D:13     | Reached XP level 12. HP: 72/112 MP: 14/14
  9667 | D:13     | Noticed a centaur warrior
  9670 | D:13     | Identified the +2 leather armour of Tender Moments {rElec
                  | rCorr Str+4 Slay+3}
  9690 | D:13     | Killed a centaur warrior
  9732 | D:13     | Noticed a two-headed ogre
  9750 | D:13     | Killed a two-headed ogre
  9750 | D:13     | Reached skill level 15 in Axes
  9871 | D:13     | Noticed a centaur warrior
  9890 | D:13     | Killed a centaur warrior
 10440 | D:14     | Noticed a tengu warrior
 10459 | D:14     | Killed a tengu warrior
 10577 | D:14     | Reached ***** piety under Makhleb
 10626 | D:14     | Noticed a two-headed ogre
 10636 | D:14     | Killed a two-headed ogre
 10821 | D:14     | Reached skill level 5 in Evocations
 10899 | D:14     | Reached skill level 10 in Fighting
 10899 | D:14     | Reached XP level 13. HP: 103/123 MP: 15/15
 10967 | D:14     | Got a twisted cloak
 10980 | D:14     | Identified the +3 cloak of the Dolphin {+Blink} (You found
                  | it on level 14 of the Dungeon)
 11059 | D:14     | Identified the +1 scale mail of Vehumet's Wrath {rF+ rN+
                  | SInv} (You found it on level 12 of the Dungeon)
 11255 | D:14     | Found a gate to the Vaults.
 11357 | D:15     | Entered Level 15 of the Dungeon
 11463 | D:15     | Noticed Jorgrun
 11594 | Lair:1   | Entered Level 1 of the Lair of Beasts
 12469 | Lair:2   | You fall into a shaft and drop 1 floor!
 12599 | Lair:2   | Found a staircase to the Shoals.
 12633 | Lair:2   | Found a hole to the Spider Nest.
 13052 | Lair:3   | Found a transporter.
 13058 | Lair:3   | Noticed ambioZ's ghost (journeyman MiBe)
 13105 | Lair:3   | Found a transporter.
 13262 | Lair:3   | Noticed Gastronok
 13279 | Lair:3   | Killed Gastronok
 13679 | Lair:4   | Reached ****** piety under Makhleb
 14685 | Lair:5   | Found a staircase to the Slime Pits.
 14686 | Lair:5   | Found a viscous altar of Jiyva.
 14712 | Lair:5   | Gained mutation: You resist negative energy. (rN+) [Deep
                  | Dwarf growth]
 14712 | Lair:5   | Reached XP level 14. HP: 130/135 MP: 16/16
 14752 | Lair:5   | Found a dark tunnel.
 14760 | Volcano  | Entered a volcano
 15679 | Lair:5   | Noticed Rupert
 15716 | Lair:5   | Killed Rupert
 16026 | Lair:6   | Entered Level 6 of the Lair of Beasts
 16055 | Lair:6   | Got a glittering brass ring
 16057 | Lair:6   | Identified the ring of Komavip {*Tele *Slow rC++ MP+9} (You
                  | found it on level 6 of the Lair of Beasts)
 16192 | Lair:6   | Found a gate leading to a gauntlet.
 16197 | Gauntlet | Entered a Gauntlet
 16197 | Gauntlet | Found a transporter.
 16204 | Gauntlet | Found a transporter.
 16206 | Gauntlet | Found a transporter.
 16215 | Gauntlet | Found a transporter.
 16217 | Gauntlet | Found a transporter.
 16229 | Gauntlet | Found a transporter.
 16241 | Gauntlet | Found a transporter.
 16245 | Gauntlet | Found a runed translucent door.
 16252 | Gauntlet | Found a transporter.
 16262 | Gauntlet | Found a transporter.
 16269 | Gauntlet | Found a transporter.
 16287 | Gauntlet | Found a transporter.
 16295 | Gauntlet | Found a runed translucent door.
 16298 | Gauntlet | Found a transporter.
 16298 | Gauntlet | Found a transporter.
 16301 | Gauntlet | Found a runed translucent door.
 16353 | Gauntlet | Found a transporter.
 16579 | Gauntlet | Got a slimy platinum amulet
 16580 | Gauntlet | Identified the amulet of Rasoes {RegenMP Str+4} (You found
                  | it in a Gauntlet)
 16642 | Gauntlet | Got a pair of encrusted boots
 16654 | Gauntlet | Identified the +1 pair of boots "Womo" {rF+ MR+} (You found
                  | it in a Gauntlet)
 16744 | Lair:6   | Found a transporter.
 16746 | Lair:6   | Found a transporter.
 16747 | Lair:6   | Noticed Buiveh's ghost (journeyman GrEE)
 17138 | Lair:6   | Reached XP level 15. HP: 130/146 MP: 16/16
 17204 | Lair:6   | Reached skill level 15 in Armour
 17932 | Orc:1    | Entered Level 1 of the Orcish Mines
 18087 | Orc:1    | Found a roughly hewn altar of Beogh.
 18259 | Orc:2    | Entered Level 2 of the Orcish Mines
 18383 | Orc:2    | Found Vaimn's General Store.
 18518 | Orc:2    | Found Litt's Book Shoppe.
 18561 | Orc:2    | Found Iluyt's Antique Armour Shop.
 18783 | Orc:2    | Found Epuatedu's Antique Weapon Emporium.
 18861 | Orc:2    | Noticed an orc warlord
 19034 | Orc:1    | Killed an orc warlord
 19127 | Orc:2    | Found a staircase to the Elven Halls.
 19502 | Orc:2    | Bought a +0 pair of gloves of strength for 161 gold pieces
 19502 | Orc:2    | Bought a scroll of blinking for 105 gold pieces
 19549 | Orc:2    | Bought a brightly glowing cloak for 313 gold pieces
 19559 | Orc:2    | Identified the +1 cloak "Cairuy" {MR+ rCorr} (You bought it
                  | in a shop on level 2 of the Orcish Mines)
 19570 | Orc:2    | Bought a slimy chain mail for 313 gold pieces
 19580 | Orc:2    | Identified the cursed +1 chain mail of Ekol Uck {rCorr
                  | Dex+4} (You bought it in a shop on level 2 of the Orcish
                  | Mines)
 19739 | D:5      | Bought the ring "Reidwov" {rElec rPois rC+ Int+2} for 490
                  | gold pieces
 20284 | D:15     | Killed Jorgrun
 20385 | D:15     | Found a staircase to the Depths.
 20710 | Spider:1 | Entered Level 1 of the Spider Nest
 20852 | Spider:1 | Identified Roxanne's Incunabulum of Transformation
 20852 | Spider:1 | Noticed Roxanne
 21011 | Spider:1 | Reached skill level 5 in Shields
 21255 | Spider:1 | Reached XP level 16. HP: 160/160 MP: 18/18
 22312 | Spider:2 | Reached skill level 15 in Fighting
 22370 | Spider:2 | Reached skill level 10 in Invocations
 22796 | Spider:2 | You fall into a shaft and drop 1 floor!
 22862 | Spider:2 | Reached skill level 1 in Dodging
 23900 | Spider:3 | Reached skill level 5 in Dodging
 24452 | Spider:4 | Entered Level 4 of the Spider Nest
 24485 | Spider:4 | Reached skill level 10 in Shields
 24568 | Spider:4 | Found a large runed translucent door.
 24568 | Spider:4 | Found a large runed translucent door.
 24574 | Spider:4 | Noticed Gruesph's ghost (adept MiBe)
 24854 | Spider:4 | Reached XP level 17. HP: 154/170 MP: 19/19
 24940 | Spider:4 | Learned a level 1 spell: Apportation
 25653 | Spider:4 | Got a gossamer rune of Zot
 25797 | Shoals:1 | Entered Level 1 of the Shoals
 25797 | Shoals:1 | Noticed Frances
 25820 | Lair:2   | Killed Frances
 26832 | Shoals:2 | Reached skill level 1 in Throwing
 27053 | Lair:3   | Killed ambioZ's ghost
 27065 | Lair:3   | Identified the +3 helmet "Piyfah" {rElec} (You found it on
                  | level 3 of the Lair of Beasts)
 27431 | Lair:6   | Killed Buiveh's ghost
 28290 | Shoals:3 | Gained mutation: You passively map a large area around you.
                  | [Deep Dwarf growth]
 28290 | Shoals:3 | Reached XP level 18. HP: 175/183 MP: 18/18
 28823 | Shoals:4 | Entered Level 4 of the Shoals
 28995 | Shoals:4 | Reached skill level 5 in Throwing
 29092 | Shoals:4 | Got a barnacled rune of Zot
 29429 | Shoals:4 | Identified Ehodyt's Disquisition on Black Magic
 29526 | Shoals:4 | Found Deugetow's Jewellery Shoppe.
 30025 | Vaults:1 | Entered Level 1 of the Vaults
 30774 | Vaults:1 | Reached XP level 19. HP: 196/196 MP: 17/17
 30880 | Vaults:1 | Reached skill level 15 in Shields
 31191 | Vaults:1 | Found a runed translucent gate.
 31191 | Vaults:1 | Found a runed translucent gate.
 31191 | Vaults:1 | Found a runed translucent gate.
 31192 | Vaults:1 | Noticed howech's ghost (veteran MiGl)
 31322 | Vaults:1 | Found a stormy altar of Qazlal.
 31986 | Vaults:2 | Found a staircase to the Crypt.
 32720 | Vaults:2 | Got an obsidian-encrusted ring mail
 32768 | Vaults:2 | Found Cenaku's General Store.
 32785 | Vaults:2 | Got a twisted chain mail
 32786 | Vaults:2 | Identified the +1 chain mail of Kleptomania {rPois rN+
                  | Dex-5} (You found it on level 2 of the Vaults)
 32920 | Vaults:3 | Noticed Jory
 32972 | Vaults:2 | Killed Jory
 33078 | Vaults:3 | Reached XP level 20. HP: 211/211 MP: 18/18
 33654 | Vaults:3 | Identified a scroll of acquirement
 33656 | Vaults:3 | Got a polished hand axe
 33798 | Vaults:3 | Noticed Sojobo
 33827 | Vaults:3 | Killed Sojobo
 33939 | Vaults:3 | Found Enetih's Antique Weapon Boutique.
 34100 | Vaults:3 | Identified Sazaduc's Grimoire of Confrontation
 34313 | Vaults:4 | Found Cuitacw's Food Boutique.
 34407 | Vaults:4 | Found Nuhiv's Distillery.
 34412 | Vaults:4 | Found Roturio's Armour Shop.
 35003 | Vaults:4 | Found a runed translucent gate.
 35003 | Vaults:4 | Found a runed translucent gate.
 35003 | Vaults:4 | Found a runed translucent gate.
 35004 | Vaults:4 | Noticed agentgt's ghost (veteran KoAK)
 35042 | Vaults:4 | Reached XP level 21. HP: 166/219 MP: 19/19
 35124 | Vaults:4 | Killed agentgt's ghost
 36047 | Depths:1 | Entered Level 1 of the Depths
 36066 | Depths:1 | Found a gateway to Hell.
 36138 | Depths:1 | Noticed a juggernaut
 36155 | Depths:1 | Killed a juggernaut
 36170 | Depths:1 | Noticed a caustic shrike
 36274 | Depths:1 | Killed a caustic shrike
 36623 | Depths:1 | Found a gateway to a ziggurat.
 37145 | Depths:2 | Found Legg's Jewellery Shoppe.
 37146 | Depths:2 | Found Xini's Gadget Boutique.
 37147 | Depths:2 | Found Juitophy's Jewellery Shoppe.
 37250 | Depths:2 | Reached XP level 22. HP: 228/228 MP: 20/20
 37729 | Depths:2 | Found an ancient bone altar of Kikubaaqudgha.
 37729 | Depths:2 | Noticed an ancient lich
 37767 | Depths:2 | Killed an ancient lich
 37930 | Depths:2 | Found a one-way gate leading to the halls of Pandemonium.
 38252 | Depths:2 | Reached skill level 1 in Maces & Flails
 38429 | Depths:2 | Found the ring of the Mage {Wiz MR++ Int+3}
 39256 | Depths:3 | Noticed an ancient lich
 39342 | Depths:2 | Killed an ancient lich
 39342 | Depths:2 | Reached XP level 23. HP: 188/235 MP: 15/15
 39524 | Depths:3 | Identified Xuer Leat's Guide on Conjuration
 40762 | Depths:4 | Found a one-way gate to the infinite horrors of the Abyss.
 41287 | Depths:4 | Noticed the Enchantress
 41308 | Depths:4 | Noticed Frederick
 41309 | Depths:4 | Killed the Enchantress
 41317 | Depths:4 | Identified the +8 morningstar of Battle {crush, *Drain
                  | +Blink rElec rC+++}
 41325 | Depths:4 | Identified the +3 leather armour "Wagec" {rPois rN+}
 41328 | Depths:4 | Killed Frederick
 41369 | Depths:4 | Found a radiant altar of Vehumet.
 41789 | Depths:5 | Entered Level 5 of the Depths
 41990 | Depths:5 | Reached XP level 24. HP: 190/244 MP: 16/16
 41999 | Depths:5 | Found a gate to the Realm of Zot.
 42918 | Vaults:5 | Entered Level 5 of the Vaults
 42952 | Vaults:5 | Noticed an ancient lich
 43124 | Vaults:5 | Noticed an ancient lich
 43154 | Vaults:4 | Killed an ancient lich
 43178 | Vaults:5 | Identified the +5 great sword "Ihulif" {slice, MR+ Int+5
                  | Stlth+}
 43489 | Vaults:5 | Identified the +3 war axe "Kowkilo" {chop, +Fly Int+3
                  | Stlth+}
 43562 | Vaults:5 | Identified the cursed +1 robe of a Billion Nights {Dex+4}
 43735 | Vaults:5 | Noticed Xtahua
 43748 | Vaults:5 | Killed Xtahua
 43837 | Vaults:5 | Killed an ancient lich
 43929 | Vaults:5 | Identified the +1 robe of Music {rN+++ rCorr Dex-4 Stlth+}
 43954 | Vaults:5 | Reached XP level 25. HP: 250/256 MP: 18/18
 44036 | Vaults:5 | Noticed Saint Roka
 44065 | Vaults:5 | Killed Saint Roka
 44065 | Vaults:5 | Reached skill level 15 in Invocations
 44121 | Vaults:5 | Identified the +0 pair of gloves of Starshine {rF+ MR+}
                  | (You found it on level 5 of the Vaults)
 44300 | Vaults:5 | Identified the +1 robe of Inviolability {rElec rCorr}
 44531 | Vaults:5 | Got a silver rune of Zot
 45244 | Zot:1    | Entered Level 1 of the Realm of Zot
 45363 | Zot:1    | Identified a +1 pair of boots of running (You found it on
                  | level 1 of the Realm of Zot)
 45424 | Zot:1    | Noticed a Killer Klown
 45429 | Zot:1    | Noticed a Killer Klown
 45520 | Zot:1    | Killed a Killer Klown
 45522 | Zot:1    | Killed a Killer Klown
 45937 | Zot:1    | Reached skill level 27 in Shields
 46306 | Zot:2    | Noticed a Killer Klown
 46307 | Zot:2    | Noticed a Killer Klown
 46311 | Zot:2    | Noticed an ancient lich
 46314 | Zot:2    | Noticed a Killer Klown
 46354 | Zot:2    | HP: 11/260 [black draconian monk (9)]
 46361 | Zot:2    | HP: 6/260 [death cob (18)]
 46599 | Zot:2    | Killed a Killer Klown
 46613 | Zot:2    | Noticed an orb of fire
 46634 | Zot:2    | Gained mutation: Your spells are a little easier to cast,
                  | but a little less powerful. [an orb of fire]
 46638 | Zot:2    | Gained mutation: You tend to lose your temper in combat.
                  | [an orb of fire]
 46655 | Zot:2    | Killed an orb of fire
 46655 | Zot:2    | Reached XP level 26. HP: 139/271 MP: 4/14
 46867 | Zot:2    | Reached skill level 10 in Dodging
 47257 | Zot:2    | Killed an ancient lich
 47586 | Zot:2    | Got a dazzling whip
 47909 | Zot:3    | Noticed an orb of fire
 47941 | Zot:3    | Killed an orb of fire
 48262 | Zot:3    | Noticed an orb of fire
 48287 | Zot:3    | Killed an orb of fire
 48312 | Zot:3    | Noticed an orb of fire
 48329 | Zot:3    | Gained mutation: Your body sometimes deteriorates upon
                  | taking damage. [an orb of fire]
 48354 | Zot:3    | Killed an orb of fire
 49486 | Crypt:1  | Entered Level 1 of the Crypt
 49512 | Crypt:1  | Reached XP level 27. HP: 282/282 MP: 15/15
 51290 | Crypt:2  | Identified Neluvita's Handbook of Sinister Rites
 51766 | Crypt:3  | Entered Level 3 of the Crypt
 52535 | Crypt:3  | Got a spiked scale mail
 52842 | Crypt:3  | Found the +5 scythe "Finisher" {speed, eviscerate}
 53081 | Crypt:3  | Found a staircase to the Tomb.
 53084 | Crypt:3  | Noticed an ancient lich
 53109 | Crypt:3  | Killed an ancient lich
 53196 | Crypt:3  | Noticed an ancient lich
 53235 | Crypt:3  | Killed an ancient lich
 53884 | Elf:1    | Entered Level 1 of the Elven Halls
 53902 | Elf:1    | Found a radiant altar of Vehumet.
 54227 | Elf:1    | Noticed Nikola
 54237 | Elf:1    | Killed Nikola
 54975 | Elf:2    | Found Xoosh's Food Emporium.
 55343 | Elf:2    | Found a runed translucent gate.
 55343 | Elf:2    | Found a runed translucent gate.
 55343 | Elf:2    | Found a runed translucent gate.
 55864 | Elf:3    | Entered Level 3 of the Elven Halls
 55892 | Elf:3    | Found a radiant altar of Vehumet.
 56104 | Elf:3    | Found Iqiuwigo's Gadget Boutique.
 56104 | Elf:3    | Found Ziluj's Jewellery Boutique.
 56171 | Elf:3    | Found Abluisk's Armour Shop.
 56516 | Elf:3    | Identified the +1 glaive of the Dove {speed, MP+9 Str+2
                  | Dex+4}
 56672 | Elf:3    | Identified the Guide on Shifting Attacks
 57561 | Zot:4    | Reached skill level 15 in Dodging
 57983 | Zot:4    | Found a runed translucent door.
 57984 | Zot:4    | Noticed Hicanoach's ghost (master DsGl)
 58137 | Zot:4    | Killed Hicanoach's ghost
 58179 | Zot:5    | Entered Level 5 of the Realm of Zot
 58306 | Zot:5    | Identified the ring "Afesk" {+Inv rC++ MR+ Str+2 Int-5}
                  | (You found it on level 5 of the Realm of Zot)
 59337 | Slime:1  | Entered Level 1 of the Pits of Slime
 59781 | Slime:2  | Gained mutation: Your mind is acute. (Int +2) [a shining
                  | eye]
 59859 | Slime:2  | Gained mutation: Potions are less effective at restoring
                  | your health. [a shining eye]
 59862 | Slime:2  | Gained mutation: Your body often deteriorates upon taking
                  | damage. [a shining eye]
 59864 | Slime:2  | Gained mutation: Potions are poor at restoring your health.
                  | [a shining eye]
 60249 | Slime:1  | Gained mutation: You occasionally shout uncontrollably at
                  | your foes. [a shining eye]
 60501 | Slime:3  | Gained mutation: You often lose your temper in combat. [a
                  | shining eye]
 61574 | Slime:5  | Entered Level 5 of the Pits of Slime
 61595 | Slime:5  | Gained mutation: Scrolls take you a little longer to read.
                  | [a shining eye]
 61603 | Slime:5  | Gained mutation: Your magical capacity is low. (-10% MP) [a
                  | shining eye]
 61612 | Slime:5  | Gained mutation: You are weak. (Str -2) [a shining eye]
 61614 | Slime:5  | Gained mutation: Your magical capacity is very low. (-20%
                  | MP) [a shining eye]
 61897 | Slime:5  | Gained mutation: You have an uncontrollable temper. [a
                  | shining eye]
 62007 | Slime:5  | Gained mutation: You are very weak. (Str -4) [a shining
                  | eye]
 62024 | Slime:5  | Found a viscous altar of Jiyva.
 62049 | Slime:5  | Noticed the Royal Jelly
 62061 | Slime:5  | Killed the Royal Jelly
 62061 | Slime:5  | Reached skill level 27 in Fighting
 62149 | Slime:5  | Got a crude platinum ring
 62152 | Slime:5  | Identified the ring of Greater Demons {rC++ MP+9 EV+2 Dex-5
                  | Slay+4} (You found it on level 5 of the Pits of Slime)
 62177 | Slime:5  | Got a slimy rune of Zot
 62190 | Slime:5  | Got a twisted plate armour
 62193 | Slime:5  | Identified the +9 plate armour of Makhleb's Hatred {+Blink
                  | rF- rC+++ rCorr} (You found it on level 5 of the Pits of
                  | Slime)
 62245 | Slime:5  | Got a serpentine brass amulet
 62252 | Slime:5  | Identified the amulet "Vipadwin" {+Rage Int+6} (You found
                  | it on level 5 of the Pits of Slime)
 62388 | Slime:5  | Lost mutation: Your mind is acute. (Int +2) [potion of
                  | mutation]
 62388 | Slime:5  | Lost mutation: Your spells are a little easier to cast, but
                  | a little less powerful. [potion of mutation]
 62388 | Slime:5  | Lost mutation: You occasionally shout uncontrollably at
                  | your foes. [potion of mutation]
 62388 | Slime:5  | Gained mutation: You are somewhat resistant to further
                  | mutation. [potion of mutation]
 62389 | Slime:5  | Lost mutation: Your magical capacity is very low. (-20% MP)
                  | [potion of mutation]
 62389 | Slime:5  | Lost mutation: Potions are poor at restoring your health.
                  | [potion of mutation]
 62390 | Slime:5  | Lost mutation: You have an uncontrollable temper. [potion
                  | of mutation]
 62390 | Slime:5  | Lost mutation: Potions are less effective at restoring your
                  | health. [potion of mutation]
 62391 | Slime:5  | Lost mutation: Scrolls take you a little longer to read.
                  | [potion of mutation]
 62391 | Slime:5  | Lost mutation: You often lose your temper in combat.
                  | [potion of mutation]
 62391 | Slime:5  | Lost mutation: You tend to lose your temper in combat.
                  | [potion of mutation]
 62391 | Slime:5  | Lost mutation: Your magical capacity is low. (-10% MP)
                  | [potion of mutation]
 62391 | Slime:5  | Lost mutation: You are somewhat resistant to further
                  | mutation. [potion of mutation]
 62391 | Slime:5  | Gained mutation: You are partially covered in large bone
                  | plates. (SH +4) [potion of mutation]
 62995 | Zot:5    | Noticed an ancient lich
 63013 | Zot:5    | Killed an ancient lich
 63037 | Zot:5    | Noticed an ancient lich
 63066 | Zot:5    | Killed an ancient lich
 63066 | Zot:5    | Reached skill level 10 in Throwing
 63286 | Zot:5    | Noticed an orb of fire
 63318 | Zot:5    | Killed an orb of fire
 63368 | Zot:5    | Noticed an ancient lich
 63384 | Zot:5    | Killed an ancient lich
 63541 | Zot:5    | Noticed an orb of fire
 63541 | Zot:5    | Noticed an orb of fire
 64142 | Shoals:4 | Bought the ring "Nyinon" {-Tele rN+ Int+5 Dex+3} for 381
                  | gold pieces
 64687 | Zot:5    | Killed an orb of fire
 64730 | Zot:5    | Noticed a juggernaut
 64730 | Zot:5    | a Killer Klown changed into a juggernaut
 64734 | Zot:5    | Killed a juggernaut
 64823 | Zot:5    | Reached skill level 15 in Throwing
 64824 | Zot:5    | Got the Orb of Zot
 64928 | Zot:3    | Noticed Zoreuj the pandemonium lord
 65358 | D:6      | Noticed Bog Luv the pandemonium lord
 65358 | D:6      | Noticed an ancient lich
 65458 | D:1      | Noticed Hihi the pandemonium lord
 65473 | D:1      | Killed Hihi the pandemonium lord
 65490 | D:$      | Escaped with the Orb!

Levels and vault maps discovered:
D:1:      dpeg_arrival_connections, layout_loops_ring, serial_bayou_pond_e
D:2:      minmay_recursive_quarters, layout_basic, first_ration,
          trog_hazing_becter
D:3:      wad_crossroads, layout_loops_ring, uniq_robin
D:4:      layout_cave_pools
D:5:      layout_gridville, serial_shops, shop_statue, nicolae_shop_stone, shop,
          uniq_edmund, uniq_blork_the_orc, uniq_grinder, uniq_crazy_yiuf_cottage
D:6:      layout_layer_cave, minmay_temple_entry_mini_moons
D:7:      layout_loops_ring, nicolae_tso_carved_into_rock
D:8:      layout_basic, basic_altar
D:9:      layout_roguey, david_orc_4
D:10:     layout_irregular_city, david_lair_shrubbed
D:11:     layout_loops_ring, uniq_erica, uniq_snorg, uniq_josephine,
          uniq_erolcha
D:12:     layout_irregular_city, nicolae_trove_entry_free_sample,
          grunt_livestock
D:13:     layout_basic, minivault_25_ag
D:14:     layout_roguey, ximxim_vaults_locker_room, kennysheep_boxes
D:15:     grunt_enter_depths_hoard, layout_rooms, hangedman_decor_lopped,
          serial_bayou_lagoon_a, uniq_jorgrun
Temple:   regret_index_temple_sigil_plot
Lair:1:   layout_long_grid, st_stairs_8
Lair:2:   layout_chaotic_city, minmay_shoals_entry_lonely_mermaid,
          spider_nest_entry_a
Lair:3:   layout_loops_ring, gammafunk_ghost_berserking_beasts,
          lemuel_fruit_fields, uniq_gastronok
Lair:4:   layout_roguey, chequers_serial_rivers_large_a,
          infiniplex_staircase_pool_2, minmay_lair_oklob_chamber,
          grunt_megastairs_3
Lair:5:   mu_elephants_graveyard, layout_regular_city, slime_altar_1,
          nicolae_volcano_entry_two_sided, serial_bayou_shore_b, uniq_rupert
Lair:6:   minmay_lair_end_enchanted_forest, layout_regular_city,
          gauntlet_entry_generic, gammafunk_ghost_hive
Shoals:1: layout_shoals, uniq_frances
Shoals:2: layout_shoals
Shoals:3: layout_shoals, hangedman_shoals_cup_caves
Shoals:4: shoals_end_grunt_garden, layout_shoals, serial_shops,
          nicolae_shop_behind_doors
Spider:1: layout_chambers, minmay_another_anthill, uniq_roxanne
Spider:2: layout_spider_delve, hangedman_stitches_earthworm,
          hangedman_spider_tarantella_strand
Spider:3: layout_spider_delve
Spider:4: grunt_spider_rune_island, ebering_ghost_disaster_area
Slime:1:  layout_caves
Slime:2:  layout_caves
Slime:3:  layout_caves
Slime:4:  layout_caves
Slime:5
Orc:1:    layout_diamond_mine, basic_altar
Orc:2:    grunt_orc_gardens, layout_caves, grunt_orc_garden, grunt_orc_garden,
          grunt_orc_garden, grunt_orc_garden
Elf:1:    eino_elf_arrival_altar, layout_loops_corners,
          kennysheep_underground_church, amethyst_killhole, grunt_ministairs_1,
          uniq_nikola
Elf:2:    layout_loops_cross, serial_shops, shop
Elf:3:    grunt_elf_hall_asides, layout_geoelf_octagon, basic_altar,
          serial_shops, shop, shop, shop
Vaults:1: gammafunk_vaults_ghost_tricky_traps, nicolae_vaults_twisting_passages,
          serial_ice_g, v_misc_28, ontoclasm_vaults_ring_large,
          nicolae_vaults_bisected_exclaves, nicolae_vaults_circle_grid_b,
          nicolae_vaults_alarming, v_pattern_1, v_misc_12, st_lattice,
          ontoclasm_vaults_loading_screen, layout_vaults_ring, basic_altar
Vaults:2: minmay_crypt_entry_skeletal_spiral, vaults_dpeg_diagonal,
          hangedman_vaults_nodes, vaults_room_pool, hangedman_vaults_variations,
          nicolae_vaults_sealed_display, hangedman_vaults_snaps,
          nicolae_vaults_ring_of_whatevers, vaults_room_pool,
          nicolae_vaults_little_squares_6, nicolae_vaults_stairing_the_circle,
          v_misc_5, v_misc_22, nicolae_vaults_display_case, vaults_room_hallway,
          layout_vaults_big_cross, serial_shops, shop
Vaults:3: vaults_standard_mumra_enter_the_diamond,
          nicolae_vaults_an_arrangement, ontoclasm_vaults_shuriken,
          nicolae_vaults_network_barrier, v_rooms_6,
          nicolae_vaults_windows_and_doors_thing,
          nicolae_vaults_little_squares_6, nicolae_vaults_yaktaur_gun_rack,
          layout_vaults_big_room, serial_shops, shop, uniq_jory, uniq_sojobo
Vaults:4: gammafunk_vaults_ghost_spectres, hangedman_vaults_cutoff,
          nicolae_vaults_little_squares_2, v_misc_26, nicolae_vaults_big_ls,
          grunt_vaults_hallway_short, v_misc_18, ontoclasm_vaults_twist,
          nicolae_vaults_ring_of_whatevers, nicolae_vaults_little_squares_2,
          hangedman_vaults_stretched_pinwheel, nicolae_vaults_asterisk,
          nicolae_vaults_little_ls, ontoclasm_vaults_ligature,
          nicolae_vaults_little_squares_4, v_rooms_1, hangedman_vaults_trim,
          layout_vaults_maze_snakey, serial_shops, nicolae_shop_behind_doors,
          shop, nicolae_shop_crystal
Vaults:5: serial_shops, uniq_xtahua, uniq_saint_roka
Crypt:1:  layout_basic
Crypt:2:  layout_catacombs, special_room [special_room_morgue]
Crypt:3:  quadcrypt_mu
Depths:1: minmay_central_circle, layout_long_grid, enter_ziggurat_e,
          serial_bayou_pond_e, grunt_hell_horde, drop_trap,
          minmay_misc_feat_secret_circle, lemuel_nasty_fountain
Depths:2: evilmike_negative_zone, layout_cave_pools, grunt_pan_entry_in_and_out,
          marbit_kobold_abyss_entry, hangedman_coc_ice_floe,
          infiniplex_staircase_split_hallway, minmay_shop_grove
Depths:3: kennysheep_scales, layout_cave_pools, skrybe_limestone_x,
          rand_demon_pan_entry_8, hell_entry, special_room
          [special_room_magic_class], minmay_door_square, kennysheep_doodads
Depths:4: evilmike_halls_of_destruction, layout_cave_shapes, grunt_decor_cap,
          abyss_entry, pan_entry, grunt_hell_entry_dis_mu,
          kennysheep_generic_room_6, uniq_enchantress
Depths:5: evilmike_zot_entry_round, layout_cave_pools, grunt_decor_arrowhead,
          hell_entry, grunt_decor_mini_mirrors, minmay_tree_intersection,
          chequers_serial_rivers_micro_b, minmay_misc_feat_chi
Zot:1:    grunt_zot_stairs_faceoff, layout_twisted_circle
Zot:2:    ebering_klown_carousel, layout_cathedral_of_symmetry, st_stairs_9,
          lemuel_elevator
Zot:3:    layout_misc_corridors, grunt_megastairs_2
Zot:4:    layout_misc_corridors, ebering_ghost_inner_flame,
          hangedman_zot_decor_unnerving_road
Zot:5:    layout_twisted_circle

Skill      XL: |  1  2  3  4  5  6  7  8  9 10 11 12 13 14 15 16 17 18 19 20 21 22 23 24 25 26 27 |
---------------+----------------------------------------------------------------------------------+-----
Axes           | 3 4 5 7 8 10 12 13 14 15 16 17 18 19 | 19.8
Fighting       | 3 5 7 8 10 11 12 14 15 16 18 19 20 21 22 23 27 | 27.0
Armour         | 4 6 8 10 11 13 14 15 16 19 20 | 20.0
Invocations    | 4 8 9 10 14 15 19 20 | 20.7
Evocations     | 1 5 7 8 |  8.0
Shields        | 5 10 13 14 15 16 19 22 25 26 27 | 27.0
Dodging        | 6 8 9 12 20 | 20.0
Throwing       | 3 7 8 15 | 15.0
Maces & Flails | 4 |  4.2

Action                   |  1- 3 |  4- 6 |  7- 9 | 10-12 | 13-15 | 16-18 | 19-21 | 22-24 | 25-27 || total
-------------------------+-------+-------+-------+-------+-------+-------+-------+-------+-------++-------
Melee: War axe           |   120 |   270 |   334 |    17 |    29 |       |       |       |       ||   770
       Broad axe         |       |       |   115 |   747 |  1693 |  2077 |  1984 |  1326 |  4345 || 12287
       Demon whip        |       |       |       |       |       |       |       |   974 |       ||   974
Throw: Dart              |       |       |     3 |     1 |    12 |       |       |       |       ||    16
       Throwing net      |       |       |       |     2 |     1 |       |       |     2 |     2 ||     7
       Boomerang         |       |       |       |       |     3 |       |       |       |       ||     3
       Javelin           |       |       |       |       |       |     9 |       |     2 |    21 ||    32
 Cast: Apportation       |       |       |       |       |       |       |       |     3 |       ||     3
Invok: Greater Servant o |       |       |       |       |     1 |       |       |     1 |     1 ||     3
 Abil: Heal Wounds       |     1 |     4 |    13 |    11 |    16 |    14 |     2 |    25 |    38 ||   124
       Evoke Blink       |       |       |       |       |       |       |       |       |     4 ||     4
Evoke: Wand              |       |     2 |       |     1 |     9 |    53 |     9 |    20 |    10 ||   104
       Lamp of fire      |       |       |       |     1 |       |       |       |       |     1 ||     2
       Phantom mirror    |       |       |       |       |       |       |     1 |       |       ||     1
  Use: Potion            |     1 |       |     1 |     2 |     2 |       |     1 |     1 |    28 ||    36
       Scroll            |       |     8 |    13 |     7 |    14 |     7 |     6 |     7 |    30 ||    92
 Stab: Distracted        |       |       |       |     1 |     1 |       |     1 |     5 |       ||     8
       Betrayed ally     |       |       |       |       |       |     1 |       |       |       ||     1
       Held in net/web   |       |       |       |       |       |       |       |     5 |       ||     5
       Confused          |       |       |       |       |       |       |       |     1 |     6 ||     7
  Eat: Chunk             |     1 |     5 |    10 |    18 |    26 |    19 |    21 |    21 |    30 ||   151
       Ration            |       |       |     1 |       |     3 |     4 |     1 |     1 |    14 ||    24
Armor: Chain mail        |    83 |   127 |    85 |       |       |       |       |       |       ||   295
       Plate armour      |       |       |   146 |   490 |  1191 |  1328 |   972 |   919 |    69 ||  5115
       Gold dragon scale |       |       |       |       |       |       |       |       |  1157 ||  1157
Dodge: Dodged            |    43 |    44 |    96 |   117 |   333 |   791 |   592 |   643 |   731 ||  3390
Block: Shield            |    66 |   136 |   193 |   359 |   820 |  1468 |   551 |       |       ||  3593
       Large shield      |       |       |       |       |       |       |  1303 |  2669 |  4346 ||  8318
       Reflection        |       |       |       |       |       |       |       |       |    70 ||    70
